 Dungeon Crawl Stone Soup version 0.21-a0-521-g1cd18d1 (webtiles) character file.

79 dvd the Chiller (level 3, -10/26 HPs)
             Began as a Demigod Ice Elementalist on Dec 5, 2017.
             Mangled by a gnoll
             ... wielding a +0 spear
              (11 damage)
             ... on level 3 of the Dungeon.
             The game lasted 00:05:02 (1597 turns).

dvd the Chiller (Demigod Ice Elementalist)          Turns: 1597, Time: 00:05:03

Health: -10/26     AC:  2    Str: 13    XL:     3   Next: 95%
Magic:  5/9        EV: 13    Int: 19    God:
Gold:   116        SH:  0    Dex: 16    Spells: 4/7 levels left

rFire    . . .     SeeInvis .   k - -2 spear (curse)
rCold    . . .     Gourm    .   (no shield)
rNeg     . . .     Faith    .   a - +0 robe
rPois    .         Spirit   .   (no helmet)
rElec    .         Reflect  .   (no cloak)
rCorr    .         Harm     .   (no gloves)
MR       .....                  (no boots)
Stlth    ++........             (no amulet)
HPRegen  0.08/turn              (no ring)
MPRegen  0.11/turn              (no ring)

@: no status effects
A: high mp 1
a: no special abilities


You were on level 3 of the Dungeon.
You were hungry.

You visited 1 branch of the dungeon, and saw 3 of its levels.

You collected 116 gold pieces.

Inventory:

Hand Weapons
 i - a +0 club
 k - a cursed -2 spear (weapon)
 m - a +0 mace
Missiles
 j - 5 steel tomahawks (quivered)
Armour
 a - a +0 robe (worn)
Scrolls
 e - a scroll of blinking {unknown}
 l - 2 scrolls of identify {unknown}
 n - 3 scrolls of remove curse {unknown}
Potions
 d - a potion of degeneration {unknown}
 g - 2 potions of curing {unknown}
Books
 b - a book of Frost

   Spells                             Type                      Level
   a - Freeze                         Ice                          1
   b - Throw Frost                    Conjuration/Ice              2
   c - Ozocubu's Armour               Charms/Ice                   3
   d - Throw Icicle                   Conjuration/Ice              4
   e - Summon Ice Beast               Ice/Summoning                4
Comestibles
 c - a bread ration
 f - 2 meat rations
 h - 2 fruits


   Skills:
 + Level 0.2 Maces & Flails
 + Level 2.1 Dodging
 + Level 1.9 Stealth
 + Level 2.7 Spellcasting
 + Level 0.8 Conjurations
 + Level 3.6 Ice Magic


You had 4 spell levels left.
You knew the following spells:

 Your Spells              Type           Power        Failure   Level  Hunger
a - Freeze                Ice            ###.         3%          1    None
b - Throw Frost           Conj/Ice       ##....       10%         2    ##.....


Dungeon Overview and Level Annotations

Branches:
Dungeon (3/15)


Innate Abilities, Weirdness & Mutations

You have an increased reservoir of magic. (+10% MP)


Message History

Casting: Freeze
Confirm with . or Enter, or press ? or * to list all spells.
Aiming: Freeze
Press: ? - help, Shift-Dir - straight line, f - hobgoblin
Aim: a hobgoblin You freeze the hobgoblin.
You kill the hobgoblin!
A gnoll comes into view. It is wielding a spear.
The gnoll hits you with a spear!
* * * LOW HITPOINT WARNING * * *
There is a stone staircase leading up, spattered with blood here.
Casting: Freeze
Confirm with . or Enter, or press ? or * to list all spells.
Aiming: Freeze
Press: ? - help, Shift-Dir - straight line, f - gnoll
Aim: a gnoll, wielding a spear You freeze the gnoll.
The gnoll is heavily wounded.
The gnoll hits you with a spear!
You die...

###
######.....
#.@).......
#g####..###
#. ..# #. .
#. #. ##


You could see a gnoll.

Vanquished Creatures
  A worker ant (D:2)
  2 adders (D:2)
  A dart slug (D:1)
  2 leopard geckos
  An orc (D:3)
  A ball python (D:1)
  A giant cockroach (D:2)
  8 hobgoblins
  4 bats (D:1)
  2 frilled lizards (D:1)
  5 goblins
  2 kobolds
  2 rats (D:1)
32 creatures vanquished.

Notes
Turn   | Place    | Note
-------+----------+-------------------------------------------
     0 | D:1      | dvd the Demigod Ice Elementalist began the quest for the Orb.
     0 | D:1      | Reached XP level 1. HP: 14/14 MP: 5/5
   442 | D:1      | Reached skill level 3 in Ice Magic
   466 | D:1      | Reached XP level 2. HP: 20/20 MP: 7/7
   636 | D:1      | Learned a level 2 spell: Throw Frost
  1273 | D:2      | Reached XP level 3. HP: 11/26 MP: 2/8
  1596 | D:3      | HP: 1/26 [gnoll/spear (11)]
  1597 | D:3      | Mangled by a gnoll

Vault maps used:
D:1:      elethiomel_arrival_quiet
D:2:      first_bread, minmay_tromino_mix6
D:3:      portal_sewer_entry_d, minivault_11

Skill      XL: |  1 |
---------------+----+-----
Spellcasting   | 2 |  2.7
Dodging        | 2 |  2.1
Ice Magic      | 3 |  3.6
Maces & Flails | |  0.2
Stealth        | |  1.9
Conjurations   | |  0.8

Action                   || total
-------------------------++-------
Melee: Club              ||    10
       Spear             ||    36
 Cast: Freeze            ||    47
 Stab: Sleeping          ||     5
  Eat: Chunk             ||     2
Armor: Robe              ||    13
Dodge: Dodged            ||    49

Table legend:
 A = Spawn XP
 B = Non-spawn XP
 C = Spawn XP percentage of total XP
 D = Spawn monster count
 E = Non-spawn monster count
 F = Spawn count percentage of total count
 G = Total turns spent on level
                    A         B        C        D         E        F      G
               +---------+---------+-------+---------+---------+-------+---------
         Total |       0 |     113 |   0.0 |       0 |      32 |   0.0 |  1597
               +---------+---------+-------+---------+---------+-------+---------
           D:1 |       0 |      35 |   0.0 |       0 |      21 |   0.0 |  1075
           D:2 |       0 |      73 |   0.0 |       0 |       9 |   0.0 |   513
           D:3 |       0 |       5 |   0.0 |       0 |       2 |   0.0 |     9
               +---------+---------+-------+---------+---------+-------+---------
